 Dungeon Crawl Stone Soup version 0.29.0-5-ge4962eb29e (webtiles) character file.

Game seed: 7951545518099356416

185 sanboga the Chopper (level 5, -2/70 HPs)
             Began as a Minotaur Berserker on Aug 29, 2022.
             Was a Believer of Trog.
             Constricted to death by a kobold (4 damage)
             ... on level 4 of the Dungeon.
             The game lasted 00:02:41 (2954 turns).

sanboga the Chopper (Minotaur Berserker)            Turns: 2954, Time: 00:02:42

Health: -2/70      AC:  3    Str: 24    XL:     5   Next: 37%
Magic:  4/4        EV:  9    Int:  4    God:    Trog [**....]
Gold:   125        SH:  0    Dex:  9    Spells: 4/4 levels left

rFire   . . .      SeeInvis .   g - +0 war axe
rCold   . . .      Faith    .   (no shield)
rNeg    . . .      Spirit   .   b - +0 animal skin
rPois   .          Reflect  .   (helmet restricted)
rElec   .          Harm     .   (no cloak)
rCorr   +          Rampage  .   p - +0 pair of gloves
Will    .....                   (no boots)
Stlth   ..........              (no amulet)
HPRegen 0.21/turn               k - ring of resist corrosion
MPRegen 0.09/turn               (no ring)

@: berserking, lethally poisoned (-2 -> -8), grasped by roots, constricted, very
quick
A: horns 2, retaliatory headbutt
a: Renounce Religion, Berserk, Trog's Hand


You were on level 4 of the Dungeon.
You worshipped Trog.
Trog was pleased with you.
You visited 1 branch of the dungeon, and saw 4 of its levels.

You collected 125 gold pieces.

Inventory:

Hand Weapons
 g - a +0 war axe (weapon)
Armour
 b - a +0 animal skin (worn)
 p - a +0 pair of gloves (worn)
Jewellery
 k - a ring of resist corrosion (left hand)
Scrolls
 a - 2 scrolls of enchant weapon {unknown}
 c - 5 scrolls of identify {unknown}
 e - a scroll of torment {unknown}
 f - 2 scrolls of noise {unknown}
 o - a scroll of enchant armour {unknown}
 q - a scroll of teleportation {unknown}
 r - a scroll of fear {unknown}
Potions
 d - 3 potions of flight {unknown}
 h - a potion of invisibility {unknown}
 i - 2 potions of degeneration {unknown}
 j - 2 potions of haste {unknown}
 l - a potion of lignification {unknown}
 m - a potion of might {unknown}
 n - 2 potions of ambrosia {unknown}


   Skills:
 + Level 4.8 Fighting
 * Level 5.8 Axes
 + Level 4.0 Armour
 - Level 2.1 Dodging


You had 4 spell levels left.
You didn't know any spells.
Your spell library was empty.

Dungeon Overview and Level Annotations

Branches:
Dungeon (4/15)
 Temple: D:4-7

Altars:

Shops:
D:1 (


Innate Abilities, Weirdness & Mutations

You have a pair of horns on your head.
You reflexively headbutt those who attack you in melee.


Message History

The kobold brigand is severely wounded.
You miss the kobold. You barely miss Daunt's ghost.
You feel very sick.
Daunt's ghost hits you but does no damage.
The kobold closely misses you.
You slash the kobold brigand!
You kill the kobold brigand!
Trog accepts your kill.
You slash the kobold!
You kill the kobold!
Trog accepts your kill.
You completely miss Daunt's ghost.
You feel sick. Daunt's ghost hits you.
* * * LOW HITPOINT WARNING * * *
Your Armour skill increases to level 4!
You have reached level 5!
You slash Daunt's ghost! Your headbutt misses Daunt's ghost.
Daunt's ghost is severely damaged.
You barely miss the kobold. You closely miss the kobold.
You feel sick. The kobold hits you with a +0 dagger.
* * * LOW HITPOINT WARNING * * *
Daunt's ghost hits you!
* * * LOW HITPOINT WARNING * * *
You slash Daunt's ghost!
You destroy Daunt's ghost!
Trog accepts your kill.
You hit the kobold.
You kill the kobold!
Trog accepts your kill.
You slash the kobold!
You kill the kobold!
Trog accepts your kill.
You slash the kobold!
You kill the kobold!
Trog accepts your kill.
* * * LOW HITPOINT WARNING * * *
You feel sick.
The kobold zaps a wand.
The roots erupt in riotous growth!
The kobold is unaffected. x2
The grasping roots grab you! The grasping roots constrict you.
You die...

#................>...##
##.....................
##.....##........#.###
#####.####.....##.#..
#####...# ##.###.##.#.#
#P⌠~##..###......##...#
.....#....#..######....
..###.).......# #..#..
[....K'@....### ##..#..
..###.K)....######...#.#
...K.#................#
#~⌠~##.....#####.##.#.#
#####.......#.......#..
#.......#.#..........
#.......#.#.......###
##..#####.#######.# #)##
#.# #.#


You could see 3 kobolds.

Vanquished Creatures
  A kobold brigand (D:4)
  A hound (D:3)
  An adder (D:2)
  A worm (D:2)
  The ghost of Daunt the Sneak, a weakling MeDe of Qazlal (D:4)
  4 dart slugs
  An orc (D:3)
  7 endoplasms
  3 giant cockroaches (D:1)
  4 goblins
  7 hobgoblins
  2 jackals (D:4)
  2 quokkas
  10 ball pythons
  3 frilled lizards
  13 kobolds
  5 rats
66 creatures vanquished.

Vanquished Creatures (others)
  2 fungi (D:4)
  A plant (D:4)
3 creatures vanquished.

Grand Total: 69 creatures vanquished

Notes
Turn   | Place    | Note
-------+----------+-------------------------------------------
     0 | D:1      | sanboga the Minotaur Berserker began the quest for the Orb.
     0 | D:1      | Reached XP level 1. HP: 19/19 MP: 0/0
    38 | D:1      | Found a faded altar of an unknown god.
   133 | D:1      | Found Tishitwe's Antique Weapon Emporium.
   306 | D:1      | Reached skill level 4 in Axes
   306 | D:1      | Reached XP level 2. HP: 27/27 MP: 1/1
   754 | D:2      | Reached XP level 3. HP: 33/33 MP: 2/2
  1015 | D:2      | Reached ** piety under Trog
  1737 | D:3      | Reached skill level 5 in Axes
  1737 | D:3      | Reached XP level 4. HP: 32/41 MP: 3/3
  2857 | D:4      | Found a runed translucent gate.
  2858 | D:4      | Found a runed translucent gate.
  2858 | D:4      | Found a runed translucent gate.
  2860 | D:4      | Noticed Daunt's ghost (weakling MeDe)
  2860 | D:4      | Noticed a kobold brigand
  2952 | D:4      | Killed a kobold brigand
  2953 | D:4      | Reached XP level 5. HP: 16/47 MP: 4/4
  2953 | D:4      | HP: 3/70 [Daunt's ghost (8)]
  2954 | D:4      | Killed Daunt's ghost
  2954 | D:4      | Constricted to death by a kobold

Illustrated notes

Levels and vault maps discovered:
D:1:      ncdulo_smallfort, layout_rooms, serial_shops,
          nicolae_shop_temple_entry_statues_fountains,
          hellmonk_ecumenical_altar_heavens_door, dreamdust_wishing_well
D:2:      layout_loops_ring, st_stairs_12
D:3:      layout_basic
D:4:      minmay_clustersquares, layout_rooms, gammafunk_ghost_nasty_kobolds

Skill      XL: |  1  2  3  4 |
---------------+-------------+-----
Axes           | 4 5 |  5.8
Fighting       | 4 |  4.8
Armour         | 3 4 |  4.0
Dodging        | |  2.1

Action                   |  1- 3 |  4- 6 || total
-------------------------+-------+-------++-------
Melee: Hand axe          |    18 |       ||    18
       War axe           |    69 |    24 ||    93
       Headbutt          |     9 |     2 ||    11
       Punch             |     2 |       ||     2
Invok: Berserk           |       |     1 ||     1
Armor: Animal skin       |     9 |     4 ||    13
Dodge: Dodged            |    63 |    15 ||    78
